AoeStats
← Michi3052

MegaRandom

505244085Analyzed
1v1 RM · 25d ago on Sep 8, 2026· 156m 56s· 2 players
Game mode
Random Map
Map size
Tiny (2 player)
Population
200
Speed
Normal
Resources
Standard
Victory
Conquest
Starting age
Dark Age
Ending age
Imperial Age
RankedLock teamsTeams togetherTeam positionsShared explorationLock speedFull tech treeHidden civsTurbo modeCheats
Victory
Defeat
🇨🇳 Spanish · China
596
+17
🇪🇸 Hindustanis · Spain
627
-17
uinnht
12:40 Feudal Age
13:47 Double-Bit Axe
14:02 Horse Collar
14:27 Gold Mining
21:33 Loom
22:36 Stone Mining
26:57 Castle Age
26:18 Forging
27:39 Scale Mail Armor
27:22 Pikeman
27:56 Fletching
29:11 Town Watch
29:59 Bow Saw
30:36 Heavy Plow
31:14 Squires
32:50 Wheelbarrow
33:33 Iron Casting
33:18 Bloodlines
33:11 Husbandry
34:29 Ballistics
34:35 Scale Barding Armor
36:33 Stone Shaft Mining
36:18 Hand Cart
36:41 Murder Holes
37:17 Masonry
38:35 Bodkin Arrow
39:44 Padded Archer Armor
40:58 Town Patrol
41:51 Leather Archer Armor
44:31 Chain Barding Armor
49:31 Imperial Age
47:43 Clinker Construction
47:46 Careening
48:47 Chain Mail Armor
49:36 Thumb Ring
52:01 Ring Archer Armor
53:02 Chemistry
53:06 Medium Warships
52:55 Halberdier
55:25 Guilds
56:38 Heavy Warships
55:37 Elite Cannon Galleon
56:15 Heavy Cavalry Archer
58:28 Blast Furnace
57:33 Bracer
59:45 Conscription
60:33 Inquisition
62:06 Elite Conquistador
64:10 Two-Man Saw
63:53 Fishing Lines
65:03 Architecture
64:55 Dry Dock
67:49 Hoardings
69:32 Shipwright
69:35 Carvel Hull
70:51 Blast Furnace
84:25 Plate Barding Armor
108:21 Cavalier
109:44 Plate Mail Armor
118:15 Arrowslits
118:49 Paladin
120:23 Gillnets
121:19 Supremacy
141:14 Bombard Tower
Michi3052
11:12 Feudal Age
13:27 Double-Bit Axe
15:47 Bloodlines
18:32 Loom
19:30 Scale Barding Armor
23:09 Castle Age
23:38 Gold Mining
25:22 Forging
26:39 Wheelbarrow
27:49 Town Watch
28:21 Husbandry
34:39 Padded Archer Armor
34:30 Fletching
37:15 Imperial Age
39:04 Chemistry
38:23 Shatagni
39:59 Gold Shaft Mining
43:16 Horse Collar
43:54 Bow Saw
45:12 Leather Archer Armor
44:53 Bodkin Arrow
45:33 Ballistics
47:03 Thumb Ring
48:27 Hand Cart
48:14 Town Patrol
48:29 Masonry
49:41 Stone Mining
53:36 Hoardings
53:04 Grand Trunk Road
53:48 Stone Shaft Mining
54:10 Heavy Camel Rider
55:22 Conscription
57:21 Two-Man Saw
56:25 Heavy Plow
58:55 Squires
58:41 Arson
59:36 Iron Casting
59:22 Chain Barding Armor
59:04 Bracer
59:06 Scale Mail Armor
61:23 Blast Furnace
59:48 Man-at-Arms
62:07 Elite Ghulam
63:40 Imperial Camel Rider
69:11 Light Cavalry
81:52 Hussar
87:10 Chain Mail Armor
87:32 Plate Barding Armor
87:34 Ring Archer Armor
101:51 Siege Elephant
139:55 Elite Skirmisher
152:33 Pikeman
Connection lost

Rejoining the realm…

Still unreachable

The connection could not be restored.

Session expired

The server has moved on; the page needs a fresh start.